AoeStats
← Kulishaak

Arabia

504072652Analyzed
1v1 RM · 28d ago on Sep 3, 2026· 33m 50s· 2 players
Game mode
Random Map
Map size
Tiny (2 player)
Population
200
Speed
Normal
Resources
Standard
Victory
Conquest
Starting age
Dark Age
Ending age
Imperial Age
RankedLock teamsTeams togetherTeam positionsShared explorationLock speedFull tech treeHidden civsTurbo modeCheats
Victory
Defeat
🇨🇿 Armenians · Czechia
1145
+16
🇷🇴 Koreans · Romania
1139
-16
zNyk
4:48 Loom
12:04 Feudal Age
13:38 Double-Bit Axe
16:44 Fletching
24:26 Horse Collar
30:10 Castle Age
30:14 Crossbowman
31:54 Thumb Ring
Kulishaak
1:46 Loom
9:38 Feudal Age
10:09 Double-Bit Axe
9:59 Man-at-Arms
14:00 Arson
14:59 Long Swordsman
18:14 Padded Archer Armor
18:17 Scale Mail Armor
21:22 Forging
25:38 Castle Age
23:37 Gold Mining
25:36 Fletching
26:02 Stone Mining
25:58 Two-Handed Swordsman
26:25 Gambesons
26:42 Squires
26:59 Chain Mail Armor
27:20 Bow Saw
28:34 Wheelbarrow
29:11 Fervor
32:54 Iron Casting
34:08 Bodkin Arrow
Connection lost

Rejoining the realm…

Still unreachable

The connection could not be restored.

Session expired

The server has moved on; the page needs a fresh start.